 Dungeon Crawl Stone Soup version 0.19-a0-860-g5c370dd (webtiles) character file.

3177 LORDOFBUTT the Cleaver (level 9, -16/81 HPs)
             Began as a Minotaur Fighter on July 3, 2016.
             Was an Initiate of Gozag.
             Killed by an exploding fulminant prism (41 damage)
             ... created by FrankyJ's ghost
             ... on level 7 of the Dungeon.
             The game lasted 00:08:34 (5194 turns).

LORDOFBUTT the Cleaver (Minotaur Fighter)           Turns: 5194, Time: 00:08:35

Health: -16/81     AC:  9    Str: 21    XL:     9   Next: 63%
Magic:  8/8        EV: 11    Int:  5    God:    Gozag
Gold:   682        SH:  0    Dex: 13    Spells: 0 memorised, 8 levels left

rFire  . . .     SeeInvis .     d - +6 battleaxe (flame)
rCold  + . .     Gourm    .     b - +1 scale mail
rNeg   + . .     Faith    .     (shield currently unavailable)
rPois  .         Spirit   .     (helmet restricted)
rElec  .         Dismiss  .     (no cloak)
rCorr  .         Reflect  .     (no gloves)
SustAt .         Harm     .     (no boots)
MR     .....                    (no amulet)
Stlth  ..........               A - ring of positive energy
                                i - ring of protection from cold

@: lethally poisoned (-16 -> -16), gold aura, not resistant to hostile
enchantments, extremely unstealthy
A: retaliatory headbutt, horns 2
a: Potion Petition, Call Merchant, Bribe Branch, Renounce Religion


You were on level 7 of the Dungeon.
You worshipped Gozag.
Gozag was noncommittal.
You were full.

You visited 1 branch of the dungeon, and saw 7 of its levels.

You collected 1285 gold pieces.
You spent 568 gold pieces at shops.
You paid 35 gold pieces to Gozag.

Inventory:

Hand Weapons
 d - a +6 battleaxe of flaming (weapon)
Armour
 b - a +1 scale mail (worn)
Jewellery
 i - a ring of protection from cold (left hand)
 A - a ring of positive energy (right hand)
Wands
 v - a wand of flame (26/48)
Scrolls
 a - a scroll of silence {unknown}
 c - a scroll of enchant weapon {unknown}
 e - a scroll of amnesia
 g - 2 scrolls of teleportation
 h - 3 scrolls of immolation
 m - a scroll of noise
 q - a scroll of blinking {unknown}
 r - a scroll of remove curse {unknown}
 u - 2 scrolls of torment {unknown}
 x - a scroll of random uselessness {unknown}
 y - a scroll of fear {unknown}
 C - a scroll of fog
 G - a scroll of recharging {unknown}
Potions
 j - a potion of lignification
 l - a potion of cure mutation
 n - a potion of mutation
 o - a potion of invisibility
 p - a potion of heal wounds {unknown}
 s - 2 potions of agility
 t - 5 potions of flight
 B - a potion of degeneration {unknown}
 D - a potion of haste {unknown}
Books
 w - a book of Misfortune

   Spells                             Type                      Level
   a - Confusing Touch                Hexes                        1
   b - Confuse                        Hexes                        3
   c - Gell's Gravitas                Hexes/Translocation          3
   d - Petrify                        Transmutation/Earth          4
   e - Metabolic Englaciation         Hexes/Ice                    5
   f - Yara's Violent Unravelling     Hexes/Transmutation          5
Comestibles
 f - 7 bread rations
 k - a meat ration
 z - 2 fruits
 E - a beef jerky
 F - a slice of pizza


   Skills:
 + Level 8.3 Fighting
 * Level 10.3 Axes
 + Level 8.3 Armour
 - Level 2.9 Dodging
 - Level 0.3 Stealth
   Level 7.3 Shields


You had 8 spell levels left.
You didn't know any spells.

Dungeon Overview and Level Annotations

Branches:
Dungeon (7/15)             Temple (0/1) D:5

Altars:
Gozag
Hepliaklqana
Okawaru
Trog
Uskayaw
Vehumet
Xom
Zin

Shops:
D:4 :   D:6 (

Annotations:
D:7 FrankyJ's ghost, novice DECj


Innate Abilities, Weirdness & Mutations

You reflexively headbutt those who attack you in melee.
You have a pair of horns on your head.


Message History

FrankyJ's ghost gestures next to you while chanting.
FrankyJ's ghost conjures a prism of explosive energy!
FrankyJ's ghost casts a spell at you. The magic dart hits you!
A fulminant prism comes into view.
You miss FrankyJ's ghost.
FrankyJ's ghost is lightly damaged.
You hit the fulminant prism but do no damage.
The fulminant prism crackles loudly.
FrankyJ's ghost hits you.
A killer bee comes into view.
The killer bee buzzes angrily.
You hit FrankyJ's ghost. You burn FrankyJ's ghost.
FrankyJ's ghost is lightly damaged.
You slash the fulminant prism!
You feel sick. FrankyJ's ghost hits you.
The fulminant prism explodes!
The blast of energy engulfs you!
Ouch! That really hurt!
You die...
Your body crumbles into a pile of gold.

.#...).......#
#.##.........#
##...........#
#.##.........#
#...........###.##.........#
#...............##.........#
#..........####..'.........#
#..........####.##.........#
#########......y###'#'######
#######W# #.#.# #@# #.#.#
###.###.#.# #.....#.#.##
###.#.#.#..# ##.#.#.#.#..#
#..........)########
###.......#)))......#
#......>......#####.#
#.#.......#.....# #.#


You could see a killer bee and FrankyJ's ghost.

Vanquished Creatures
  Pikel (D:7)
  The ghost of scalarboson the Shield-Bearer, a novice DsFi of Ru (D:6)
  Duvessa (D:7)
  An orc warrior (D:7)
  A slave (D:7)
  A sky beast (D:6)
  2 ogres
  2 centaurs (D:7)
  2 giant frogs (D:6)
  Dowan (D:7)
  4 killer bees (D:7)
  8 wights (D:6)
  2 crimson imps
  A giant frog zombie (D:7)
  A wasp zombie (D:6)
  7 orc wizards
  2 jellies (D:5)
  4 orc priests
  2 hounds
  An iguana (D:6)
  Jessica (D:2)
  Natasha (twice) (D:2)
  2 worker ants
  3 worker ant zombies
  A howler monkey skeleton (D:7)
  6 adders (D:3)
  An adder skeleton (D:7)
  3 worms
  2 dart slugs
  4 giant geckos
  26 orcs
  10 giant cockroaches
  8 goblins
  4 hobgoblins
  6 jackals
  2 quokkas
  A sheep (D:5)
  A ball python (D:3)
  3 bats
  6 giant newts
  11 kobolds
  A quokka zombie (D:5)
  10 rats
159 creatures vanquished.

Vanquished Creatures (others)
  2 slaves (D:7)
  A jelly (D:7)
  A worker ant (D:7)
  2 fulminant prisms (D:7)
6 creatures vanquished.

Grand Total: 165 creatures vanquished

Notes
Turn   | Place    | Note
-------+----------+-------------------------------------------
     0 | D:1      | LORDOFBUTT the Minotaur Fighter began the quest for the Orb.
     0 | D:1      | Reached XP level 1. HP: 19/19 MP: 0/0
   150 | D:1      | Reached XP level 2. HP: 26/27 MP: 1/1
   579 | D:2      | Found a faded altar of an unknown god.
   659 | D:2      | Found a radiant altar of Vehumet.
   678 | D:2      | Noticed Jessica
   683 | D:2      | Killed Jessica
   683 | D:2      | Reached skill level 1 in Dodging
   683 | D:2      | Reached XP level 3. HP: 19/33 MP: 2/2
   962 | D:2      | Found a glowing silver altar of Zin.
   963 | D:2      | Found an opulent altar of Gozag.
  1045 | D:2      | Became a worshipper of Gozag Ym Sagoz the Greedy
  1166 | D:2      | Noticed Natasha
  1176 | D:2      | Killed Natasha
  1176 | D:2      | Reached XP level 4. HP: 40/40 MP: 3/3
  1215 | D:2      | Found a shimmering altar of Xom.
  1216 | D:2      | Found a hazy altar of Hepliaklqana.
  1216 | D:2      | Noticed a yak
  1217 | D:2      | Noticed a spectral ugly thing
  1217 | D:2      | Noticed a yak
  1446 | D:2      | Noticed Natasha
  1451 | D:2      | Killed Natasha
  1696 | D:3      | Reached skill level 3 in Axes
  1696 | D:3      | Reached XP level 5. HP: 46/46 MP: 4/4
  1865 | D:3      | Reached skill level 5 in Armour
  1865 | D:3      | Reached skill level 5 in Shields
  2182 | D:3      | Reached XP level 6. HP: 47/53 MP: 5/5
  2383 | D:4      | Found Vyudd's Book Emporium.
  2772 | D:5      | Entered Level 5 of the Dungeon
  2803 | D:5      | Reached skill level 4 in Axes
  2908 | D:5      | Found a bloodstained altar of Trog.
  2947 | D:5      | Found a shimmering altar of Xom.
  3050 | D:5      | Found a staircase to the Ecumenical Temple.
  3103 | D:5      | Found an iron altar of Okawaru.
  3246 | D:5      | Reached skill level 5 in Fighting
  3246 | D:5      | Reached XP level 7. HP: 61/61 MP: 6/6
  3335 | D:6      | Reached skill level 5 in Axes
  3469 | D:6      | Reached skill level 6 in Axes
  3636 | D:6      | Found Rumenwon's Weapon Shop.
  3636 | D:6      | Noticed scalarboson's ghost (novice DsFi)
  3639 | D:6      | Reached XP level 8. HP: 62/70 MP: 7/7
  3651 | D:6      | Killed scalarboson's ghost
  3651 | D:6      | Reached skill level 7 in Axes
  3672 | D:6      | HP: 3/71 [wight/halberd (3)]
  3685 | D:6      | HP: 1/71 [worker ant (5)]
  3866 | D:6      | Reached skill level 8 in Axes
  4148 | D:6      | Bought a +6 battleaxe of flaming for 568 gold pieces
  4474 | D:7      | Reached XP level 9. HP: 75/79 MP: 8/8
  4507 | D:7      | Found a hide-covered altar of Uskayaw.
  4512 | D:7      | Noticed a hand axe
  4512 | D:7      | Noticed a dagger
  4599 | D:7      | Noticed Pikel
  4608 | D:7      | Killed Pikel
  4608 | D:7      | Reached skill level 9 in Axes
  4644 | D:7      | Noticed Dowan
  4645 | D:7      | Noticed Duvessa
  4649 | D:7      | Killed Duvessa
  4652 | D:7      | Noticed FrankyJ's ghost (novice DECj)
  4652 | D:7      | Killed Dowan
  5115 | D:7      | Reached skill level 10 in Axes
  5194 | D:7      | Killed by an exploding fulminant prism

Vault maps used:
D:1:      scummos_arrival_simple_crosswalls
D:2:      regret_index_temple_of_mockery, grunt_temple_overflow_gold_and_silver,
          fiery_altar_vehumet, ecumenical_altar_1, uniq_natasha, uniq_jessica
D:3:      grunt_ministairs_10
D:4:      serial_shops, shop_statue, first_bread
D:5:      kennysheep_okawaru_gauntlet, basic_altar, dk_xom_monty_hall
D:6:      serial_shops, kennysheep_mini
D:7:      dancing_weapons_uskayaw, st_stairs_4, uniq_duvessa, uniq_pikel

Skill      XL: |  1  2  3  4  5  6  7  8  9 |
---------------+----------------------------+-----
Armour         | 4 5 6 7 8 |  8.3
Fighting       | 4 5 7 8 |  8.3
Dodging        | 1 2 |  2.9
Shields        | 4 5 6 7 |  7.3
Axes           | 3 4 6 8 10 | 10.3
Stealth        | |  0.3

Action                   |  1- 3 |  4- 6 |  7- 9 || total
-------------------------+-------+-------+-------++-------
Melee: War axe           |    97 |   140 |   102 ||   339
       Headbutt          |    13 |    18 |    28 ||    59
       Battleaxe         |       |       |    61 ||    61
Invok: Potion Petition   |       |       |     1 ||     1
  Use: Scroll            |       |    11 |     3 ||    14
       Potion            |       |       |     4 ||     4
 Stab: Distracted        |       |     1 |       ||     1
  Eat: Beef jerky        |       |     2 |       ||     2
       Meat ration       |       |     1 |     1 ||     2
       Fruit             |       |       |     7 ||     7
Armor: Scale mail        |    49 |    58 |    49 ||   156
       Skin              |       |       |    37 ||    37
Dodge: Dodged            |    29 |    67 |    78 ||   174
Block: Shield            |    41 |    72 |    84 ||   197
